 Dungeon Crawl Stone Soup version 0.30-a0-459-g9104f0fc43 (webtiles) character file.

Game seed: 4954312984546052332

7119 avis the Skirmisher (level 10, 0/83 HPs)
             Began as a Demigod Ice Elementalist on Dec 13, 2022.
             Slain by a troll (12 damage)
             ... on level 10 of the Dungeon on Dec 16, 2022.
             The game lasted 01:33:55 (12127 turns).

avis the Skirmisher (Demigod Ice Elementalist)     Turns: 12127, Time: 01:33:56

Health: 0/83       AC:  8    Str:  9    XL:     10   Next: 55%
Magic:  17/17      EV: 14    Int: 17    God:
Gold:   279        SH:  0    Dex: 26    Spells: 8/15 levels left

rFire   . . .      SeeInvis .    a - +0 shortbow
rCold   . . .      Faith    .    (shield currently unavailable)
rNeg    + . .      Spirit   .    m - +2 robe
rPois   .          Reflect  .    D - +0 helmet
rElec   .          Harm     .    (no cloak)
rCorr   .          Rampage  .    y - +0 pair of gloves
Will    +....                    t - +1 pair of boots
Stlth   +++.......               A - amulet of regeneration
HPRegen 1.13/turn                n - ring of positive energy
MPRegen 0.15/turn                (no ring)

@: studying Shields
A: high MP 1, forlorn, divine attributes
a: no special abilities


You were on level 10 of the Dungeon.
You visited 2 branches of the dungeon, and saw 11 of its levels.
You also visited: Bailey.

You collected 639 gold pieces.
You spent 360 gold pieces at shops.

Inventory:

Hand Weapons
 a - a +0 shortbow (weapon)
 b - a +0 great sword of protection
 w - a +0 falchion
Missiles
 u - 26 poisoned darts
 z - a curare-tipped dart
 B - 3 silver boomerangs
Armour
 m - a +2 robe (worn)
 t - a +1 pair of boots (worn)
 y - a +0 pair of gloves (worn)
 D - a +0 helmet (worn)
Jewellery
 n - a ring of positive energy (left hand)
 A - an amulet of regeneration (around neck)
 I - a ring of fire
Wands
 i - a wand of acid (24)
 k - a wand of polymorph (12)
 x - a wand of flame (27)
 K - a wand of iceblast (11)
Scrolls
 c - 2 scrolls of noise {unknown}
 f - 2 scrolls of teleportation {unknown}
 j - 2 scrolls of amnesia {unknown}
 r - 2 scrolls of poison {unknown}
 C - a scroll of fog
Potions
 d - 2 potions of magic
 e - 2 potions of degeneration {unknown}
 g - a potion of cancellation
 h - 8 potions of curing
 l - 3 potions of resistance
 o - a potion of haste
 p - 2 potions of heal wounds
 q - 2 potions of brilliance
 s - 5 potions of lignification
 v - a potion of flight


   Skills:
 - Level 6.0 Fighting
 - Level 12.0 Ranged Weapons
 - Level 2.0 Armour
 * Level 2.9 Dodging
 - Level 2.0 Stealth
 - Level 3.0 Spellcasting
 - Level 7.0 Ice Magic


You had 8 spell levels left.
You knew the following spells:

 Your Spells              Type           Power      Damage    Failure   Level
a - Freeze                Ice            100%       1d10      1%          1
o - Ozocubu's Armour      Ice            26%        N/A       3%          3
r - Frozen Ramparts       Ice            52%        1d8       3%          3

Your spell library contained the following spells:

 Spells                   Type           Power      Damage    Failure   Level
 Sandblast                Erth           4%         2d4       17%         1
 Passwall                 Tmut/Erth      1%         N/A       26%         2
 Summon Ice Beast         Ice/Summ       14%        N/A       38%         4
 Ignite Poison            Fire/Tmut/Pois 2%         N/A       45%         3
 Inner Flame              Hex/Fire       2%         N/A       45%         3
 Stone Arrow              Conj/Erth      4%         3d7       45%         3
 Cause Fear               Hex            1%         N/A       86%         4
 Sticky Flame             Conj/Fire      2%         2d3       86%         4
 Summon Forest            Summ/Tloc      1%         N/A       99%         5
 Eringya's Noxious Bog    Tmut/Pois      1%         N/A       100%        6
 Summon Hydra             Summ           1%         N/A       100%        7
 Discord                  Hex            1%         N/A       100%        8
 Ignition                 Fire           1%         3d3       100%        8


Dungeon Overview and Level Annotations

Branches:
Dungeon (10/15)            Temple (1/1) D:6            Lair (0/5) D:10
 Bailey (visited)
    Orc: D:9-12

Shops:
D:3 [=   D:5 (   D:6 !

Annotations:
D:2 1 runed translucent door, exclusion: door, Crazy Yiuf


Innate Abilities, Weirdness & Mutations

You have an increased reservoir of magic. (+10% MP)
You shall have no god before yourself.
Your divine heritage dramatically boosts your attributes as you level up.


Message History

The orc warrior unwields a +0 battleaxe.
The orc warrior wields a +0 arbalest.
The orc warrior shoots a bolt.
The bolt hits you.
The orc shouts!
The orc wizard shouts!
Found four items.
Found a staircase to the Lair.
Okay, then.
As you read the scroll of fog, it crumbles to dust.
The scroll dissolves into smoke.
The orc wizard mumbles some strange words.
The orc wizard flickers and vanishes!
Deactivating autopickup; reactivate with Ctrl-A.
The orc is engulfed in a cloud of scalding steam.
The warg bites you!
The steam dragon attacks as you move away!
The steam dragon bites you. The steam dragon claws you.
The orc priest mumbles some strange prayers to Beogh against you.
Beogh smites you!
The orc hits the plant with a +0 flail!
The plant begins to die.
You see here a scroll labelled DOS WONEAVVU.
The orc priest attacks as you move away!
The orc priest hits you but does no damage.
The troll bites you! The troll claws you but does no damage.
The troll barely misses you. The steam dragon closely misses you.
The steam dragon claws you.
The orc priest attacks as you move away!
The orc priest misses you.
The orc priest invokes the aid of Beogh against you.
Beogh smites you!
* * * LOW HITPOINT WARNING * * *
The troll bites you.
* * * LOW HITPOINT WARNING * * *
The troll claws you but does no damage. The troll closely misses you.
The warg barely misses you.
Found 17 gold pieces.
The troll attacks as you move away! The troll bites you.
* * * LOW HITPOINT WARNING * * *
The troll claws you.
* * * LOW HITPOINT WARNING * * *
The troll claws you!
You die...

..!... ##.......#
#..... # ###.
##....### #.....
.##.... #....#.
##.....####.....
....##.
)........##...# ..##
## .....§§§..#.§###
. ..{o..oP§§§§§..#
..
....o§§§§§§§...#....
.P..h§§§D§oh@)...#.
.......§o§#T........
...§§..§§##§..#.....
##.....####..## #...
###..# #### $. ### #


You could see a troll, a warg and an orc.

Vanquished Creatures
  A two-headed ogre (D:6)
  Prince Ribbit (D:7)
  A troll (D:10)
  A hornet (D:7)
  Sigmund (D:2)
  5 yaks (D:8)
  A wyvern (D:9)
  A steam dragon (D:7)
  2 humans (D:7)
  2 water moccasins (D:9)
  10 orc warriors
  A black bear (D:6)
  14 centaurs
  An ogre (D:5)
  2 kobold brigands (D:7)
  2 necrophages (D:5)
  3 bullfrogs
  4 scorpions
  8 wights
  4 howler monkeys
  3 jellies
  7 hounds
  4 orc priests
  Ijyb (D:4)
  3 iguanas
  Terence (D:2)
  2 orc wizards
  3 gnolls (D:3)
  11 adders
  2 shadow imps
  3 white imps
  3 worms
  3 dart slugs
  36 orcs
  3 ball pythons (D:1)
  10 endoplasms
  4 giant cockroaches
  10 goblins
  5 hobgoblins
  A jackal (D:4)
  12 kobolds
  3 quokkas
  A bat (D:3)
  3 frilled lizards
  5 rats
  A spectral orc (D:5)
205 creatures vanquished.

Vanquished Creatures (others)
  An orc wizard (D:5)
  3 plants (D:8)
4 creatures vanquished.

Grand Total: 209 creatures vanquished

Notes
Turn   | Place    | Note
-------+----------+-------------------------------------------
     0 | D:1      | avis the Demigod Ice Elementalist began the quest for the
                  | Orb.
     0 | D:1      | Reached XP level 1. HP: 14/14 MP: 5/5
   647 | D:1      | Reached XP level 2. HP: 19/20 MP: 4/7
  1378 | D:2      | Found a runed translucent door.
  1379 | D:2      | Noticed Crazy Yiuf
  1593 | D:2      | Noticed Terence
  1600 | D:2      | Reached skill level 1 in Fighting
  1600 | D:2      | Reached XP level 3. HP: 28/28 MP: 7/9
  1621 | D:2      | Learned a level 3 spell: Frozen Ramparts
  1625 | D:2      | Learned a level 3 spell: Ozocubu's Armour
  1631 | D:2      | Noticed Sigmund
  1644 | D:2      | Killed Terence
  1733 | D:2      | Killed Sigmund
  1734 | D:2      | Reached skill level 2 in Ranged Weapons
  1734 | D:2      | Reached skill level 5 in Ice Magic
  1734 | D:2      | Reached XP level 4. HP: 33/36 MP: 1/11
  1734 | D:2      | Reached XP level 5. HP: 37/41 MP: 1/12
  2805 | D:3      | Found Vaul's Armour Boutique.
  2812 | D:3      | Reached XP level 6. HP: 47/48 MP: 9/13
  2843 | D:3      | Found Giwk's Jewellery Emporium.
  2867 | D:3      | Bought a +1 pair of boots for 138 gold pieces
  3266 | D:4      | Reached skill level 3 in Ranged Weapons
  3793 | D:4      | Reached skill level 4 in Ranged Weapons
  3818 | D:4      | Noticed Ijyb
  3840 | D:4      | Killed Ijyb
  4085 | D:5      | Entered Level 5 of the Dungeon
  4250 | D:5      | Found Damoluig's Antique Weapon Shop.
  4512 | D:5      | Reached XP level 7. HP: 55/55 MP: 8/14
  5266 | D:5      | Reached skill level 5 in Ranged Weapons
  5461 | D:5      | Found Damoluig's Antique Weapon Shop.
  5980 | D:6      | Identified the +3 chain mail of the Dolphin {Contam rPois
                  | rC+}
  6030 | D:6      | Found a staircase to the Ecumenical Temple.
  6324 | D:6      | Reached skill level 6 in Ranged Weapons
  6515 | D:6      | Reached XP level 8. HP: 59/61 MP: 11/15
  6965 | D:6      | Found Miubrif's Distillery.
  7242 | D:7      | Reached skill level 7 in Ranged Weapons
  7299 | Temple   | Entered the Ecumenical Temple
  7378 | D:6      | Reached skill level 8 in Ranged Weapons
  7436 | D:7      | Noticed a two-headed ogre
  7558 | D:6      | Killed a two-headed ogre
  7683 | D:7      | Noticed a hornet
  7691 | D:7      | Killed a hornet
  7692 | D:7      | Reached XP level 9. HP: 57/69 MP: 10/16
  7700 | D:7      | Reached skill level 9 in Ranged Weapons
  8207 | D:7      | Reached skill level 10 in Ranged Weapons
  8351 | D:7      | Noticed Prince Ribbit
  8362 | D:7      | Killed Prince Ribbit
  8363 | D:7      | Reached skill level 1 in Armour
  8581 | D:6      | Bought a potion of attraction for 33 gold pieces
  8626 | Temple   | Upgraded the game from 0.30-a0-457-g4b7bca3bfa to
                  | 0.30-a0-459-g9104f0fc43
  8689 | D:5      | Bought a translucent dagger for 189 gold pieces
  8689 | D:5      | Identified the +8 dagger of the Fox {antimagic, rElec
                  | Int+3} (You bought it in a shop on level 5 of the Dungeon)
  9003 | D:8      | Reached skill level 5 in Fighting
  9170 | D:8      | Found a flagged portal.
  9177 | Bailey   | Entered a bailey
  9459 | Bailey   | Reached XP level 10. HP: 68/81 MP: 11/17
  9774 | Bailey   | Reached skill level 11 in Ranged Weapons
 11139 | D:9      | Reached skill level 12 in Ranged Weapons
 11355 | D:9      | You fall into a shaft and drop 1 floor!
 11355 | D:10     | Entered Level 10 of the Dungeon
 12120 | D:10     | Found a staircase to the Lair.
 12127 | D:10     | Slain by a troll

Illustrated notes

Levels and vault maps discovered:
D:1:      dpeg_arrival_oval, layout_basic,
          hellmonk_ecumenical_altar_inner_sanctum, serial_glass,
          glass_columns_c, glass_columns_a, amcnicky_mini_rare_corridor_liquid
D:2:      layout_loops_ring, minmay_increasing_density, uniq_crazy_yiuf_cottage,
          uniq_terence, uniq_sigmund
D:3:      layout_rooms, chequers_temple_overflow_statue_of_worship,
          serial_shops, shop, shop_coins, interstate_on_off,
          minmay_misc_feat_more_columns, kennysheep_generic_room_11
D:4:      layout_basic, st_stairs_9, uniq_ijyb
D:5:      layout_rooms, yredelemnul_forgotten_temple_becter,
          nicolae_wooded_promenade, nicolae_hexahallways
D:6:      layout_basic, minmay_temple_entry_slanted, serial_shops,
          nicolae_take_the_stairs, nicolae_titane
D:7:      layout_cave_pools, okawaru_humans, nicolae_hepliaklqana_hazy_memory,
          serial_column_ruins, column_ruins_hut, column_ruins_grid_4,
          column_ruins_grid_3, column_ruins_open_tiny, column_ruins_open_large,
          column_ruins_open_tiny, column_ruins_open_tiny, uniq_prince_ribbit1
D:8:      layout_basic, makhleb_blood_cavern_becter, enter_bailey_3,
          serial_bayou_pond_a
D:9:      layout_stronghold, kennysheep_little_box
D:10:     layout_cave_pools, erik_lair_orcish_takeover,
          chequers_serial_rivers_micro_b, laboratory
Temple:   hellmonk_temple_forest_ring

Skill      XL: |  1  2  3  4  5  6  7  8  9 10 |
---------------+-------------------------------+-----
Ice Magic      | 4 5 6 7 |  7.0
Spellcasting   | 2 3 |  3.0
Fighting       | 1 2 3 5 6 |  6.0
Ranged Weapons | 2 4 6 8 10 12 | 12.0
Dodging        | 2 |  2.9
Stealth        | 2 |  2.0
Armour         | 2 |  2.0

Action                   |  1- 3 |  4- 6 |  7- 9 | 10-12 || total
-------------------------+-------+-------+-------+-------++-------
Melee: Dagger            |       |    43 |    95 |       ||   138
       Great sword       |       |       |    17 |    21 ||    38
       Punch             |       |       |     1 |       ||     1
 Fire: Sling             |    51 |    90 |    84 |       ||   225
       Shortbow          |       |       |   137 |   185 ||   322
 Cast: Freeze            |    21 |     1 |     2 |       ||    24
       Frozen Ramparts   |     3 |    15 |    42 |    17 ||    77
       Ozocubu's Armour  |     2 |    13 |    40 |    31 ||    86
  Use: Potion            |     1 |     1 |     4 |       ||     6
       Scroll            |       |       |     9 |     1 ||    10
Armor: Robe              |     3 |    13 |    89 |    51 ||   156
Dodge: Dodged            |    19 |    32 |   144 |    96 ||   291

Table legend: (Time is in decaauts)
 A = Elapsed time spent in this place.
 B = Non-inter-level travel time spent in this place.
 C = Inter-level travel time spent in this place.
 D = Time resting spent in this place.
 E = Time spent auto-exploring this place.
 F = Levels seen in this place.
 G = Mean time per level.
                   A        B        C        D        E       F      G
               +--------+--------+--------+--------+--------+-----+--------+
         Total |  12186 |  10959 |   1227 |   3121 |   4496 |  12 | 1015.5 |
       Dungeon |  11122 |   9898 |   1224 |   2835 |   4496 |  10 | 1112.2 |
        Temple |     35 |     32 |      3 |      0 |      0 |   1 |   35.0 |
        Bailey |   1028 |   1028 |      0 |    286 |      0 |   1 | 1028.0 |
               +--------+--------+--------+--------+--------+-----+--------+

Top non-repeatable levels by time:
     D:5: 2002 daAuts
     D:6: 1576 daAuts
     D:1: 1352 daAuts
     D:7: 1113 daAuts
     D:8: 1090 daAuts
     D:9: 1075 daAuts
  Bailey: 1028 daAuts
     D:4: 1024 daAuts
     D:2: 985 daAuts
     D:3: 835 daAuts
    D:10: 66 daAuts
  Temple: 35 daAuts
